 Dungeon Crawl Stone Soup version 0.29-a0-91-gdebf4667c2 (webtiles) character file.

Game seed: 5901589906610073630

90 siradein the Shield-Bearer (level 4, 0/24 HPs)
             Began as a Vine Stalker Fighter on Feb 8, 2022.
             Slain by an ogre (20 damage)
             ... on level 3 of the Dungeon.
             The game lasted 00:04:19 (1836 turns).

siradein the Shield-Bearer (Vine Stalker Fighter)   Turns: 1836, Time: 00:04:19

Health: 0/24       AC:  7    Str: 21    XL:     4   Next: 56%
Magic:  0/5        EV:  9    Int:  8    God:
Gold:   102        SH:  5    Dex: 13    Spells: 3/3 levels left

rFire   . . .      SeeInvis .   a - +0 long sword
rCold   . . .      Faith    .   c - +0 buckler
rNeg    . . .      Spirit   +   b - +0 scale mail
rPois   .          Reflect  .   (no helmet)
rElec   .          Harm     .   g - +0 cloak
rCorr   .          Rampage  .   (no gloves)
Will    .....                   (no boots)
Stlth   ..........              (no amulet)
HPRegen 0.88/turn               (no ring)
MPRegen 0.09/turn               (no ring)

@: no status effects
A: fangs 2, regeneration 1, magic shield, antimagic bite, no potion heal 2
a: no special abilities


You were on level 3 of the Dungeon.
You visited 1 branch of the dungeon, and saw 3 of its levels.

You collected 102 gold pieces.

Inventory:

Hand Weapons
 a - a +0 long sword (weapon)
Armour
 b - a +0 scale mail (worn)
 c - a +0 buckler (worn)
 g - a +0 cloak (worn)
Jewellery
 i - a ring of magical power
 k - a ring of fire
Scrolls
 e - a scroll of silence {unknown}
 f - a scroll of blinking {unknown}
 j - a scroll of teleportation {unknown}
Potions
 d - a potion of might
 h - a potion of flight {unknown}


   Skills:
 + Level 3.3 Fighting
 + Level 2.5 Long Blades
 + Level 2.9 Armour
 + Level 3.3 Shields


You had 3 spell levels left.
You didn't know any spells.
Your spell library contained the following spells:

 Spells                   Type           Power      Damage    Failure   Level
 Static Discharge         Conj/Air       0%         N/A       93%         2
 Dispel Undead            Necr           0%         3d6       100%        4
 Sticky Flame             Conj/Fire      0%         2d3       100%        4


Dungeon Overview and Level Annotations

Branches:
Dungeon (3/15)

Altars:
Wu Jian

Shops:
D:2 [


Innate Abilities, Weirdness & Mutations

You have extremely sharp teeth.
Your natural rate of healing is unusually fast.
When hurt, damage is shared between your health and your magic reserves.
Your bite disrupts and absorbs the magic of your enemies.
Potions cannot restore your health.


Message History

You now have 102 gold pieces (gained 5).
An ogre comes into view. It is wielding a +0 giant club.
The ogre shouts!
You hear a shout!
An ogre is nearby!
An ogre is nearby!
An ogre is nearby!
A quokka and a hobgoblin come into view.
The hobgoblin shouts!
You hit the ogre. You bite the ogre, but do no damage.
The ogre is lightly wounded.
The ogre misses you.
You see here a rat corpse.
You see here a +0 club.
You barely miss the ogre. You block the ogre's attack.
You hit the ogre.
The ogre is lightly wounded.
The ogre hits you with a +0 giant club!
You hit the ogre.
The ogre is moderately wounded.
The ogre hits you with a +0 giant club!!
Ouch! That really hurt!
* * * LOW HITPOINT WARNING * * *
You are too injured to fight recklessly!
You are too injured to fight recklessly!
Things that are here:
a +0 club; a goblin corpse You hit the ogre but do no damage.
You bite the ogre, but do no damage.
The ogre is moderately wounded.
The ogre hits you with a +0 giant club!
You barely miss the ogre. You bite the ogre, but do no damage.
The ogre is lightly wounded.
The ogre hits you but does no damage.
You barely miss the ogre. You bite the ogre, but do no damage.
The ogre is lightly wounded.
The ogre closely misses you.
You completely miss the ogre. Your bite misses the ogre.
The ogre is lightly wounded.
The ogre hits you with a +0 giant club!!
Ouch! That really hurt!
You die...

##..............#..#
#.........########.####.
. #.#........# #......
.. #.#.......†###
##)..... ..#
#r#....g..r..## #..#####
...###
#.##########..###.##
#...## #g# #####.....#
#..## #.# ####g.....####
#...# #.# #.@Or###.##
#...# #.# #..#### #.#
#..g# #.##..# #..
#<.r###.##.# ####
###..##.#..# ##.##...#
#######.†).######
...........†.....#
........##.#####..


You could see an ogre, a quokka and a hobgoblin.

Vanquished Creatures
  3 adders (D:2)
  A worm (D:3)
  A dart slug (D:1)
  An orc (D:3)
  6 endoplasms
  8 goblins
  4 hobgoblins
  4 jackals (D:2)
  2 quokkas (D:1)
  7 ball pythons
  7 bats (D:1)
  3 frilled lizards
  3 kobolds (D:1)
  2 rats
52 creatures vanquished.

Notes
Turn   | Place    | Note
-------+----------+-------------------------------------------
     0 | D:1      | siradein the Vine Stalker Fighter began the quest for the
                  | Orb.
     0 | D:1      | Reached XP level 1. HP: 11/11 MP: 2/2
   110 | D:1      | Reached XP level 2. HP: 16/16 MP: 3/3
   194 | D:1      | Found a faded altar of an unknown god.
   347 | D:1      | Reached XP level 3. HP: 19/19 MP: 4/4
   756 | D:2      | Found an ornate altar of the Wu Jian Council.
  1295 | D:2      | Gained mutation: Your natural rate of healing is unusually
                  | fast. [Vine Stalker growth]
  1295 | D:2      | Reached XP level 4. HP: 24/24 MP: 5/5
  1487 | D:2      | Found Mosseriq's Armour Shop.
  1789 | D:3      | Noticed an ogre
  1836 | D:3      | Slain by an ogre

Illustrated notes

Levels and vault maps discovered:
D:1:      amcnicky_arrival_underground_garden, layout_basic,
          shapermc_ecumenical_altar_notcrosses
D:2:      layout_basic, basic_altar, serial_shops, shop, serial_curves,
          eino_curves_02, eino_curves_03
D:3:      layout_rooms, serial_shops, shop, minmay_strange_pillars,
          item_on_display_a

Skill      XL: |  1  2  3 |
---------------+----------+-----
Long Blades    | 2 |  2.5
Shields        | 3 |  3.3
Fighting       | 3 |  3.3
Armour         | |  2.9

Action                   |  1- 3 |  4- 6 || total
-------------------------+-------+-------++-------
Melee: Long sword        |    93 |    35 ||   128
       Bite              |    12 |    10 ||    22
Armor: Scale mail        |    42 |    12 ||    54
Dodge: Dodged            |    51 |     8 ||    59
Block: Buckler           |    12 |     9 ||    21

Table legend: (Time is in decaauts)
 A = Elapsed time spent in this place.
 B = Non-inter-level travel time spent in this place.
 C = Inter-level travel time spent in this place.
 D = Time resting spent in this place.
 E = Time spent auto-exploring this place.
 F = Levels seen in this place.
 G = Mean time per level.
                   A        B        C        D        E       F      G
               +--------+--------+--------+--------+--------+-----+--------+
         Total |   1877 |   1837 |     40 |      0 |   1478 |   3 |  625.7 |
       Dungeon |   1877 |   1837 |     40 |      0 |   1478 |   3 |  625.7 |
               +--------+--------+--------+--------+--------+-----+--------+

Top non-repeatable levels by time:
     D:2: 983 daAuts
     D:1: 749 daAuts
     D:3: 144 daAuts
